 Dungeon Crawl Stone Soup version 0.29.1-2-gbd0b4ee654 (webtiles) character file.

Game seed: 12731235276967524108

240 croobank the Conjurer (level 5, 0/36 HPs)
             Began as a Demonspawn Conjurer on Nov 20, 2022.
             Killed by nerve-wracking pain
             ... invoked by Grinder
              (9 damage)
             ... on level 4 of the Dungeon.
             The game lasted 00:09:01 (3402 turns).

croobank the Conjurer (Demonspawn Conjurer)         Turns: 3402, Time: 00:09:02

Health: 0/36       AC:  8    Str:  8    XL:     5   Next: 79%
Magic:  9/9        EV: 12    Int: 24    God:
Gold:   143        SH:  0    Dex: 11    Spells: 4/10 levels left

rFire   . . .      SeeInvis .   e - +0 dagger
rCold   . . .      Faith    .   (no shield)
rNeg    . . .      Spirit   .   m - +0 leather armour
rPois   +          Reflect  .   l - +1 helmet {Int+3}
rElec   .          Harm     .   (no cloak)
rCorr   .          Rampage  .   j - +0 pair of gloves
Will    .....                   (no boots)
Stlth   ++........              (no amulet)
HPRegen 0.12/turn               q - ring of poison resistance
MPRegen 0.11/turn               (no ring)

@: no status effects
A: hooves 2, rugged brown scales 2
a: no special abilities


You were on level 4 of the Dungeon.
You visited 1 branch of the dungeon, and saw 4 of its levels.

You collected 143 gold pieces.

Inventory:

Hand Weapons
 e - a +0 dagger (weapon)
 h - a +0 hand axe
Armour
 a - a +0 robe
 f - a +0 ring mail
 j - a +0 pair of gloves (worn)
 l - a +1 helmet of intelligence (worn)
 m - a +0 leather armour (worn)
Jewellery
 q - a ring of poison resistance (left hand)
Scrolls
 c - 2 scrolls of silence {unknown}
 i - a scroll of identify {unknown}
 n - a scroll of fog {unknown}
 o - a scroll of teleportation {unknown}
Potions
 d - a potion of invisibility {unknown}
 g - 3 potions of curing {unknown}
 k - a potion of ambrosia {unknown}
 p - a potion of brilliance {unknown}
 r - a potion of attraction {unknown}
 s - a potion of degeneration {unknown}


   Skills:
 + Level 3.1 Dodging
 + Level 3.3 Stealth
 + Level 3.2 Spellcasting
 + Level 5.0 Conjurations


You had 4 spell levels left.
You knew the following spells:

 Your Spells              Type           Power      Damage    Failure   Level
a - Magic Dart            Conj           100%       1d8       1%          1
b - Searing Ray           Conj           56%        2d6       3%          2
c - Dazzling Flash        Conj/Hex       30%        N/A       17%         3

Your spell library contained the following spells:

 Spells                   Type           Power      Damage    Failure   Level
 Fulminant Prism          Conj/Hex       7%         3d7       50%         4
 Iskenderun's Mystic Bla  Conj/Tloc      15%        2d5       50%         4


Dungeon Overview and Level Annotations

Branches:
Dungeon (4/15)
 Temple: D:4-7

Altars:
Dithmenos
Makhleb
Okawaru

Annotations:
D:4 Grinder


Innate Abilities, Weirdness & Mutations

You have hoof-like feet.
You are mostly covered in rugged brown scales. (AC +2, +5% HP)


Message History

Press: ? - help, Shift-Dir - straight line, f/p - Grinder
Aim: Grinder, carrying a wand of flame (8) (lightly wounded, 77% to hit)
The searing ray hits Grinder.
Grinder is moderately wounded. (Press . to maintain the ray.) Grinder gestures at you.
You suddenly lose the ability to move!
Grinder hits you but does no damage.
You can move again.
Casting: Searing Ray (safe; 3% risk of failure)
Confirm with . or Enter, or press ? or * to list all spells.
Aiming: Searing Ray (safe; 3% risk of failure)
Press: ? - help, Shift-Dir - straight line, f/p - Grinder
Aim: Grinder, carrying a wand of flame (8) (moderately wounded, 77% to hit)
The searing ray hits Grinder!
Grinder is heavily wounded. (Press . to maintain the ray.) Grinder hits you but does no damage.
The searing ray hits Grinder!
Grinder is severely wounded.
Grinder hits you.
You writhe in agony.
* * * LOW HITPOINT WARNING * * *
The searing ray hits Grinder!
Grinder is almost dead.
Grinder blinks!
You finish channelling your searing ray.
Grinder blinks!
Casting: Searing Ray (safe; 3% risk of failure)
Confirm with . or Enter, or press ? or * to list all spells.
Aiming: Magic Dart (safe; 1% risk of failure)
Press: ? - help, Shift-Dir - straight line, f/p - Grinder
Aim: Grinder, carrying a wand of flame (8) (almost dead, 100% to hit)
The magic dart hits Grinder.
Grinder is almost dead.
Grinder gestures at you. You resist with significant effort.
Magic courses through your body. Grinder gestures at you.
Pain shoots through your body!
You die...

###....#.#.#.# ..
.........#...# #.
.........#.### #.
###....#.#.# #.
######.#.# #. #.#.### #.
#.#....
##.###.###########.#.###
...5...@.............>..
######..................
#############.##.##
###...........#.#....
#......######.#.#..##
#..........##.#.#..##
#<.........##.#.#..##
#..........##.#.#..##
###'##........<.#..##


You could see Grinder.

Vanquished Creatures
  An ogre (D:4)
  A hound (D:2)
  An iguana (D:4)
  4 gnolls (D:3)
  An adder (D:3)
  2 worms (D:2)
  3 orcs (D:3)
  2 ball pythons
  7 endoplasms
  A giant cockroach (D:2)
  4 hobgoblins
  3 quokkas
  5 bats
  4 frilled lizards
  3 goblins
  2 kobolds
  2 rats (D:1)
46 creatures vanquished.

Notes
Turn   | Place    | Note
-------+----------+-------------------------------------------
     0 | D:1      | croobank the Demonspawn Conjurer began the quest for the
                  | Orb.
     0 | D:1      | Reached XP level 1. HP: 13/13 MP: 3/3
   473 | D:1      | Gained mutation: You have large cloven feet. [demonic
                  | ancestry]
   473 | D:1      | Reached XP level 2. HP: 19/19 MP: 3/5
   702 | D:1      | Found a faded altar of an unknown god.
  1027 | D:2      | Learned a level 2 spell: Searing Ray
  1557 | D:2      | Gained mutation: You are partially covered in rugged brown
                  | scales. (AC +1, +3% HP) [demonic ancestry]
  1557 | D:2      | Reached XP level 3. HP: 19/24 MP: 2/6
  2067 | D:3      | Found a burning altar of Makhleb.
  2085 | D:3      | Found an iron altar of Okawaru.
  2091 | D:3      | Gained mutation: You are mostly covered in rugged brown
                  | scales. (AC +2, +5% HP) [demonic ancestry]
  2091 | D:3      | Reached XP level 4. HP: 24/31 MP: 3/7
  2433 | D:3      | Found a shadowy altar of Dithmenos.
  2560 | D:3      | Learned a level 3 spell: Dazzling Flash
  3225 | D:4      | Gained mutation: You have hoof-like feet. [demonic
                  | ancestry]
  3225 | D:4      | Reached XP level 5. HP: 36/36 MP: 3/9
  3290 | D:4      | Noticed an ogre
  3297 | D:4      | Killed an ogre
  3298 | D:4      | Reached skill level 5 in Conjurations
  3390 | D:4      | Noticed Grinder
  3391 | D:4      | Paralysed by Grinder for 3 turns
  3395 | D:4      | Paralysed by Grinder for 2 turns
  3402 | D:4      | Killed from afar by Grinder

Illustrated notes

Levels and vault maps discovered:
D:1:      spicycebolla_green_bress_n_ham, layout_basic,
          ebering_ecumenical_altar_sacrificial
D:2:      layout_rooms, kennysheep_generic_room_10
D:3:      layout_loops_corners, nicolae_dithmenos_the_darkroom,
          okawaru_metal_pillars_1_2, mainiacjoe_overflow_tiny_flanked
D:4:      layout_basic, grunt_decor_resistance, uniq_grinder, uniq_eustachio

Skill      XL: |  1  2  3  4  5 |
---------------+----------------+-----
Dodging        | 2 3 |  3.1
Stealth        | 2 3 |  3.3
Spellcasting   | 3 |  3.2
Conjurations   | 5 |  5.0

Action                   |  1- 3 |  4- 6 || total
-------------------------+-------+-------++-------
Melee: Unarmed           |     2 |       ||     2
       Dagger            |    22 |     3 ||    25
       Kick              |     7 |     1 ||     8
 Cast: Magic Dart        |    57 |    16 ||    73
       Searing Ray       |     2 |     8 ||    10
  Use: Potion            |       |     1 ||     1
Armor: Ring mail         |     9 |     2 ||    11
       Leather armour    |       |     2 ||     2
Dodge: Dodged            |    11 |     1 ||    12
